AoeStats
← Infadel

Arabia

508821388Analyzed
1v1 RM · 8d ago on Sep 24, 2026· 35m 59s· 2 players
Game mode
Random Map
Map size
Tiny (2 player)
Population
200
Speed
Normal
Resources
Standard
Victory
Conquest
Starting age
Dark Age
Ending age
Imperial Age
RankedLock teamsTeams togetherTeam positionsShared explorationLock speedFull tech treeHidden civsTurbo modeCheats
Victory
Defeat
🇲🇽 Vietnamese · Mexico
1088
+18
🇮🇳 Mongols · India
1121
-18
Infadel
7:00 Loom
9:16 Feudal Age
10:47 Double-Bit Axe
19:15 Gold Mining
21:57 Castle Age
21:36 Fletching
21:47 Padded Archer Armor
21:42 Horse Collar
23:16 Bow Saw
23:29 Stone Mining
24:15 Gold Shaft Mining
23:40 Bodkin Arrow
23:56 Town Watch
29:56 Wheelbarrow
30:58 Stone Mining
34:45 Hand Cart
35:20 Leather Archer Armor
36:02 Gold Shaft Mining
36:02 Stone Shaft Mining
35:29 Elite Skirmisher
MannyC
3:42 Loom
10:29 Feudal Age
11:14 Double-Bit Axe
11:09 Horse Collar
18:47 Wheelbarrow
21:18 Castle Age
19:21 Fletching
19:48 Bloodlines
19:46 Gold Mining
20:18 Padded Archer Armor
20:48 Town Watch
22:27 Bodkin Arrow
23:19 Ballistics
23:33 Husbandry
23:57 Bow Saw
23:48 Heavy Plow
25:43 Hand Cart
26:59 Leather Archer Armor
29:07 Elite Skirmisher
30:04 Thumb Ring
35:38 Imperial Age
35:10 Stone Mining
Connection lost

Rejoining the realm…

Still unreachable

The connection could not be restored.

Session expired

The server has moved on; the page needs a fresh start.